Map: Acropolis LE

Players

Mez

  • Race: Terran Terran
  • League: Master
  • Spawn Location: 5:00

A.I. 1 (Very Easy) - Winner!

  • Race: Protoss Protoss
  • Spawn Location: 11:00

VOD

Have the link to the VOD?

Description

Time

  • Played on: Aug. 9, 2019, 9:04 a.m.
  • Length: 8:55
Show
View Real Time Build Order
Export as new Build Order

Mez Terran 

Build Orders: Liberator Opening, Reaper Expand 

Get SALT Encoding   

  12  0:01  SCV  
  13  0:14  SCV  
  14  0:18  Supply Depot  
  14  0:27  SCV  
  15  0:39  SCV  
  15  0:42  Barracks  
  16  0:45  Refinery  
  16  0:51  SCV  
  17  1:03  SCV  
  18  1:16  SCV  
  19  1:30  Reaper, Orbital Command  
  20  1:41  Command Center  
  20  1:51  Supply Depot  
  20  1:56  SCV  
  21  2:02  Marine  
  21  2:08  SCV  
  23  2:15  Factory  
  23  2:17  Refinery  
  23  2:22  SCV  
  24  2:23  Barracks Reactor  
  24  2:34  SCV  
  25  2:46  SCV  
  26  2:54  Orbital Command  
  26  2:58  SCV  
  27  3:01  Starport  
  27  3:05  Hellion  
  31  3:06  Hellion  
  31  3:09  Barracks Tech Lab  
  31  3:10  SCV  
  32  3:20  Liberator  
  32  3:21  SCV  
  32  3:23  SCV  
  32  3:26  Hellion  
  38  3:27  Hellion, Supply Depot  
  39  3:34  SCV  
  39  3:35  SCV  
  43  3:46  SCV  
  43  3:47  SCV  
  45  3:50  Hellion x2, Supply Depot  
  49  3:58  SCV  
  49  3:59  SCV  
  51  4:04  Liberator  
  51  4:05  Marine  
  52  4:12  SCV x2  
  52  4:14  Command Center  
  54  4:24  SCV x2, Factory Reactor  
  59  4:27  Stimpack  
  59  4:37  Barracks  
  59  4:38  SCV x2  
  61  4:40  Barracks  
  61  4:45  Engineering Bay  
  61  4:47  Engineering Bay  
  61  4:50  SCV  
  62  5:01  Refinery  
  62  5:02  Refinery  
  62  5:04  Supply Depot  
  62  5:05  Supply Depot  
  62  5:09  Starport Reactor, Marine, SCV x2  
  62  5:13  Terran Infantry Armor Level 1, Terran Infantry Weapons Level 1  
  65  5:17  Factory Tech Lab  
  65  5:21  SCV x2  
  67  5:28  Barracks  
  67  5:29  Barracks  
  67  5:32  Marine x2  
  67  5:33  SCV, Marine  
  71  5:36  Supply Depot  
  71  5:38  Marine x2  
  76  5:44  Orbital Command  
  76  5:47  SCV x2  
  77  5:55  Marine x2  
  77  5:56  Medivac  
  81  5:57  Medivac  
  81  5:58  Marine  
  81  5:59  Marine  
  81  6:01  Marine  
  86  6:09  Siege Tank  
  87  6:12  Orbital Command  
  87  6:14  Marine x2  
  87  6:16  Barracks Reactor, Marine  
  87  6:17  Barracks Reactor, Marine  
  91  6:21  Armory  
  91  6:29  Marine  
  91  6:30  Medivac x2  
  91  6:32  Marine  
  97  6:36  Supply Depot x2  
  97  6:40  SCV x3  
  97  6:43  Combat Shield  
  97  6:46  Marine x3  
  103  6:47  Marine  
  103  6:49  Marine  
  103  6:52  SCV x3  
  108  6:58  Marine x4  
  108  7:00  Supply Depot  
  112  7:02  Supply Depot  
  112  7:03  Siege Tank  
  112  7:04  SCV, Marine x2  
  112  7:06  Medivac  
  112  7:07  SCV, Medivac  
  112  7:08  Marine  
  123  7:13  SCV  
  125  7:20  Refinery  
  125  7:21  SCV x2, Marine x6  
  133  7:25  SCV  
  133  7:26  Supply Depot  
  133  7:29  Marine x2  
  135  7:30  Marine  
  137  7:39  SCV x3, Marine  
  141  7:54  Marine x6, Supply Depot  
  141  7:55  Marine x2  
  149  8:11  Factory Reactor  
  149  8:15  Marine x4, Medivac x2  
  149  8:18  Supply Depot x2  
  157  8:20  Marine  
  157  8:22  Refinery  
  158  8:31  Supply Depot x3  
  158  8:40  SCV x3  
Show
View Real Time Build Order
Export as new Build Order

A.I. 1 (Very Easy) Protoss - Winner!

Build Orders:  

Get SALT Encoding   

  12  0:00  Probe  
  13  0:13  Probe  
  14  0:19  Pylon  
  14  0:37  Assimilator  
  14  0:43  Gateway  
  14  0:45  Pylon  
  14  1:14  Assimilator  
  14  1:23  Probe  
  14  1:31  Probe  
  15  1:33  Zealot, Cybernetics Core  
  15  1:39  Probe  
  19  1:49  Probe  
  20  1:59  Probe  
  20  2:08  Probe  
  21  2:10  Warp Gate  
  22  2:46  Stalker  
  24  5:05  Probe  
  24  5:13  Probe  
  22  5:15  Stalker  
  23  5:21  Probe  
  24  7:21  Probe  
  24  7:27  Adept, Pylon  
  24  7:28  Robotics Facility  
  24  7:29  Probe  
  27  7:33  Nexus  
  28  7:39  Probe  
  29  7:51  Probe  
  29  7:57  Pylon  
  30  8:03  Probe  
  31  8:17  Observer  
  30  8:25  Zealot  
  30  8:33  Observer  
Tags
 
Add a new tag
Caveats
  • Supply blocks, unpowered buildings, or Contaminate may cause inaccurate times.
  • Supply counts are checked every 10 seconds.